 Dungeon Crawl Stone Soup version 0.30-a0-618-gd6c86c23d0 (webtiles) character file.

Game seed: 5019987787368190531

177118 bmack86 the Warrior (level 17, -9/170 HPs)
             Began as a Minotaur Fighter on Jan 9, 2023.
             Was the Champion of Okawaru.
             Mangled by an entropy weaver (10 damage)
             ... on level 4 of the Spider Nest on Jan 10, 2023.
             The game lasted 01:28:21 (39192 turns).

bmack86 the Warrior (Minotaur Fighter)             Turns: 39192, Time: 01:28:22

Health: -9/170     AC: 25    Str: 37    XL:     17   Next: 53%
Magic:  0/42       EV:  8    Int: 12    God:    Okawaru [******]
Gold:   1754       SH: 18    Dex: 19    Spells: 16/16 levels left

rFire   + + .      SeeInvis .    P - +1 broad axe "Lifebane" {protect, rPois MP+9 Stlth+}
rCold   x . .      Faith    .    s - +4 kite shield
rNeg    + + .      Spirit   .    Y - +8 chain mail "Pozxe" {+Blink rPois Dex+4}
rPois   +          Reflect  .    u - +1 hat of the Manifold Dreams {rN+ Will+ Regen+ MP+9}
rElec   .          Harm     .    a - +2 cloak
rCorr   .          Rampage  .    V - +3 Mad Mage's Maulers {Infuse+∞ VampMP -Cast}
Will    ++...      NoCast   +    c - +2 pair of boots of Mental Paralysis {Str+7} Stlth
                                 Q - amulet of regeneration
HPRegen 2.08/turn                K - ring of Deatsirchaho {Fire Int+7 Dex+3}
MPRegen 0.28/turn                H - ring "Mangao" {rF+ rN+ Str+3}

@: corroded, under a protective aura, studying Necromancy
A: horns 2, retaliatory headbutt
a: Renounce Religion, Evoke Blink, Heroism, Finesse, Duel


You were on level 4 of the Spider Nest.
You worshipped Okawaru.
Okawaru was exalted by your worship.
You visited 5 branches of the dungeon, and saw 27 of its levels.
You also visited: Sewer and Ossuary.

You collected 3415 gold pieces.
You spent 1661 gold pieces at shops.

Inventory:

Hand Weapons
 p - a +2 broad axe of flaming
 P - the +1 broad axe "Lifebane" (weapon) {protect, rPois MP+9 Stlth+}
   (You found it on level 1 of the Lair of Beasts)

   rPois:     It protects you from poison.
   MP:        It affects your magic capacity (+9).
   Stlth:     It makes you more stealthy.
Missiles
 l - 8 silver javelins
 r - 86 poisoned darts
 C - 9 javelins
 I - a throwing net
 L - 9 boomerangs
 S - 4 silver boomerangs (quivered)
Armour
 a - a +2 cloak (worn)
 c - the +2 pair of boots of Mental Paralysis (worn) {Str+7}
   (Okawaru gifted it to you on level 14 of the Dungeon)

   Str:       It affects your strength (+7).
 s - a +4 kite shield (worn)
 t - a +2 pair of boots of flying
 u - the +1 hat of the Manifold Dreams (worn) {rN+ Will+ Regen+ MP+9}
   (You acquired it on level 4 of the Dungeon)

   rN:        It protects you from negative energy.
   MP:        It affects your magic capacity (+9).
   Regen:     It increases your rate of health regeneration.
   Will:      It increases your willpower.
 v - the +1 pair of boots "Titoqopt" {rElec rPois rN++ Stlth-}
   (You found it on level 2 of the Spider Nest)

   rElec:     It insulates you from electricity.
   rPois:     It protects you from poison.
   rN:        It greatly protects you from negative energy.
   Stlth:     It makes you less stealthy.
 U - a +3 plate armour
 V - the +3 Mad Mage's Maulers (worn) {Infuse+∞ VampMP -Cast}
   (You bought it in a shop on level 6 of the Dungeon)

   It empowers its wearer's blows with all of their magic.
   Blows struck in melee replenish the wearer's magic.
   -Cast:     It prevents spellcasting.
 Y - the +8 chain mail "Pozxe" (worn) {+Blink rPois Dex+4}
   (Okawaru gifted it to you on level 10 of the Dungeon)

   Dex:       It affects your dexterity (+4).
   rPois:     It protects you from poison.
   +Blink:    It lets you blink.
Jewellery
 x - a +4 ring of protection
 H - the ring "Mangao" (right hand) {rF+ rN+ Str+3}
   (You bought it in a shop on level 2 of the Orcish Mines)

   [ring of positive energy]

   Str:       It affects your strength (+3).
   rF:        It protects you from fire.
   rN:        It protects you from negative energy.
 K - the ring of Deatsirchaho (left hand) {Fire Int+7 Dex+3}
   (You found it on level 6 of the Dungeon)

   [ring of fire]

   It enhances your fire magic.
   Int:       It affects your intelligence (+7).
   Dex:       It affects your dexterity (+3).
   rF:        It protects you from fire.
   rC:        It makes you vulnerable to cold.
 M - a +5 ring of evasion
 N - a ring of see invisible
 O - a ring of positive energy
 Q - an amulet of regeneration (around neck)
 R - an amulet of reflection
 Z - a ring of ice
Wands
 b - a wand of digging (9)
 k - a wand of polymorph (5)
 A - a wand of flame (59)
 B - a wand of quicksilver (23)
 G - a wand of paralysis (29)
 X - a wand of iceblast (12)
Scrolls
 f - 3 scrolls of identify
 h - 2 scrolls of silence
 i - 8 scrolls of fog
 j - 3 scrolls of magic mapping
 n - 17 scrolls of teleportation
 q - 2 scrolls of brand weapon
 w - 8 scrolls of poison
 y - 5 scrolls of blinking
 F - 5 scrolls of fear
Potions
 d - 3 potions of might
 e - 9 potions of brilliance
 g - 2 potions of ambrosia
 m - 10 potions of curing
 o - 9 potions of heal wounds
 z - 5 potions of haste
 D - 4 potions of magic
 E - 3 potions of berserk rage
 J - 3 potions of cancellation
 T - a potion of resistance
 W - 4 potions of invisibility


   Skills:
 * Level 19.8 Fighting
 * Level 19.6 Axes
 + Level 11.3 Throwing
 + Level 14.5 Armour
 + Level 14.4 Shields
 + Level 11.3 Invocations


You had 16 spell levels left.
You didn't know any spells.
Your spell library contained the following spells:

 Spells                   Type           Power      Damage    Failure   Level
 Magic Dart               Conj           0%         1d3       85%         1
 Sandblast                Erth           0%         2d4       85%         1
 Sting                    Tmut/Pois      0%         1d3       85%         1
 Passwall                 Tmut/Erth      0%         N/A       94%         2
 Searing Ray              Conj           0%         2d4       94%         2
 Sublimation of Blood     Necr           0%         N/A       94%         2
 Gell's Gravitas          Tloc           0%         N/A       99%         3
 Kindle Blastsparks       Fire/Tloc/Air  0%         2d10      99%         3
 Lesser Beckoning         Tloc           0%         N/A       99%         3
 Stone Arrow              Conj/Erth      0%         3d7       99%         3
 Teleport Other           Tloc           0%         N/A       99%         3
 Airstrike                Air            0%         2d(0-16)  100%        4
 Fulminant Prism          Conj/Hex       0%         3d5       100%        4
 Iskenderun's Mystic Bla  Conj/Tloc      0%         2d3       100%        4
 Leda's Liquefaction      Hex/Erth       0%         N/A       100%        4
 Manifold Assault         Tloc           0%         N/A       100%        4
 Petrify                  Tmut/Erth      0%         N/A       100%        4
 Blade Hands              Tmut           0%         N/A       100%        5
 Irradiate                Conj/Tmut      0%         3d11      100%        5
 Lee's Rapid Deconstruct  Erth           0%         3d4*      100%        5
 Lightning Bolt           Conj/Air       0%         1d11      100%        5
 Dispersal                Tloc           0%         N/A       100%        6
 Eringya's Noxious Bog    Tmut/Pois      0%         N/A       100%        6
 Iron Shot                Conj/Erth      0%         9d1       100%        6
 Statue Form              Tmut/Erth      0%         N/A       100%        6
 Dragon Form              Tmut           0%         N/A       100%        7
 Disjunction              Tloc           0%         N/A       100%        8
 Animate Armour           Summ/Erth      Unusable   N/A       N/A         4
 Summon Lightning Spire   Summ/Air       Unusable   N/A       N/A         4
 Summon Cactus Giant      Summ           Unusable   N/A       N/A         6
 Spellforged Servitor     Conj/Summ      Unusable   N/A       N/A         7

Dungeon Overview and Level Annotations

Branches:
Dungeon (15/15)            Temple (1/1) D:5            Lair (5/5) D:9
 Shoals (0/4) Lair:3       Spider (4/4) Lair:3        Slime (0/5) Lair:4
    Orc (2/2) D:11            Elf (0/3) Orc:2        Vaults (0/5) D:14
 Depths (0/4) D:15          Sewer (visited)         Ossuary (visited)

Altars:
Ashenzari
Cheibriados
Dithmenos
Elyvilon
Fedhas
Gozag
Hepliaklqana
Kikubaaqudgha
Makhleb
Nemelex Xobeh
Okawaru
Qazlal
Ru
Sif Muna
Trog
Uskayaw
Vehumet
Wu Jian
Xom
Yredelemnul
Zin
The Shining One
Jiyva

Shops:
D:3 ?   D:6 [   D:12 (   D:15 :   Orc:2 ?:[=


Innate Abilities, Weirdness & Mutations

You have a pair of horns on your head.
You reflexively headbutt those who attack you in melee.


Message History

You feel sick.
The entropy weaver points at you and mumbles some strange words.
The entropic weave corrodes you!
There are monsters nearby!
You feel much better.
You feel sick.
The orb spider weaves a glowing orb of energy.
The orb spider spins a strand of pure energy.
An orb of destruction comes into view.
You feel better.
The entropy weaver points at you and mumbles some strange words.
The entropic weave corrodes you! You block the orb of destruction.
The orb of destruction dissipates.
You closely miss the entropy weaver.
You headbutt the entropy weaver, but do no damage.
The orb spider weaves a glowing orb of energy.
The orb spider pulsates with a strange energy.
You block the entropy weaver's attack. The entropy weaver hits you.
The entropy weaver hits you but does no damage. x2
An orb of destruction comes into view.
You hit the entropy weaver but do no damage.
Your weapon exudes an aura of protection.
You block the entropy weaver's attack. The entropy weaver hits you!
The entropy weaver hits you but does no damage. x2
You closely miss the entropy weaver.
You headbutt the entropy weaver, but do no damage.
You hit the steelbarb worm but do no damage.
The orb of destruction hits you!!!
* * * LOW HITPOINT WARNING * * *
The orb spider weaves a glowing orb of energy.
You block the entropy weaver's attack. x2
The entropy weaver barely misses you.
The entropy weaver hits you but does no damage.
You block the steelbarb worm's attack.
An orb of destruction comes into view.
You barely miss the entropy weaver.
Your headbutt misses the entropy weaver.
You hit the steelbarb worm. The entropy weaver hits you!
* * * LOW HITPOINT WARNING * * *
The entropy weaver hits you!
You die...

##.## #... ###^..##
##... #.~~.^. #....
#....~ ##....
###...###########^....
#^...s..#.#.#..#...... ~
#^..#s†....#........
...^#.wB#.^......^......
#~~..@†.#^#.#~.#......
###s*○###########.....
#^.^.° ##.... #~...s.
#^... ##..^### ##...
##.## #).. .. #... ..
#... ##..


You could see an entropy weaver, a steelbarb worm and 3 orb spiders.

Vanquished Creatures
  Jorgrun (D:13)
  Asterion (Spider:1)
  Gastronok (D:10)
  A frost giant (Orc:1)
  3 emperor scorpions (Spider:4)
  2 ghost moths
  4 broodmothers
  The ghost of wormed the Covert, a journeyman KoBr of Uskayaw (Lair:4)
  Josephine (Lair:3)
  2 fire dragons
  3 ettins
  4 entropy weavers
  A rakshasa (D:13)
  4 vault guards (D:14)
  7 hydras
  An ogre mage (Orc:1)
  Harold (D:11)
  A jorogumo (Spider:4)
  The ghost of Zuagil the Destroyer, a journeyman DrCj of Sif Muna (Lair:1)
  7 centaur warriors
  4 radroaches
  8 boulder beetles
  5 two-headed ogres
  3 tengu warriors
  4 orc high priests (Orc:2)
  Urug (Lair:3)
  The ghost of gelatine the Stinger, a novice DsVM of Vehumet (D:9)
  20 death yaks
  Sonja (Orc:2)
  A hell knight (D:15)
  6 pharaoh ants
  7 skeletal warriors (D:15)
  5 orb spiders
  A swamp dragon (Lair:5)
  5 steelbarb worms
  2 wizards (D:15)
  19 ugly things
  5 orc knights (Orc:2)
  A deep elf pyromancer (D:12)
  6 orc sorcerers
  A necromancer (D:15)
  2 manticores (D:15)
  19 cyclopes
  12 wolf spiders
  3 moths of wrath
  19 elephants
  4 demonic crawlers
  3 black mambas
  9 torpor snails
  2 gargoyles
  10 cane toads
  7 rime drakes
  3 unseen horrors
  An efreet (D:14)
  A freezing wraith (D:14)
  2 tengu conjurers (D:14)
  13 komodo dragons
  3 kobold demonologists (D:11)
  10 polar bears
  3 trolls
  19 blink frogs
  13 meliai
  A snapping turtle (Lair:3)
  8 dream sheep (Lair:5)
  20 tarantellas
  A water elemental (D:14)
  17 slime creatures
  25 jumping spiders
  A shadow (D:10)
  6 wyverns
  69 yaks
  16 culicivoras
  2 vampires
  6 wraiths
  7 basilisks
  6 steam dragons
  6 vampire mosquitoes
  49 redbacks
  Edmund (D:4)
  5 wargs (Orc:1)
  4 acid dragons
  12 water moccasins
  13 orc warriors
  An ice beast (D:8)
  2 sky beasts (D:8)
  4 black bears
  13 wolves
  10 ogres
  17 centaurs
  2 phantoms (D:5)
  6 kobold brigands
  8 scorpions
  12 bullfrogs
  2 necrophages (D:6)
  A gnoll sergeant (D:9)
  A hornet simulacrum (D:9)
  6 wights
  7 killer bees
  11 howler monkeys
  5 electric eels
  2 hounds (D:5)
  A human zombie (Ossuary)
  15 orc priests
  5 jellies
  4 iguanas
  15 orc wizards
  4 scorpion zombies (Ossuary)
  8 hell rats
  2 ogre zombies (Ossuary)
  9 gnolls
  8 adders
  12 river rats
  4 white imps
  4 ufetubi
  3 adder zombies (Ossuary)
  8 worms
  67 orcs
  13 ball pythons
  3 endoplasms
  2 giant cockroaches
  5 gnoll zombies (Ossuary)
  8 goblins
  9 hobgoblins
  7 jackals
  40 kobolds
  4 quokkas
  5 bats
  5 frilled lizards
  3 goblin zombies (Ossuary)
  3 hobgoblin zombies (Ossuary)
  4 orc zombies (Ossuary)
  8 rats
  4 rat zombies (D:9)
  A bush (Lair:2)
989 creatures vanquished.

Vanquished Creatures (others)
  A centaur (D:9)
  An orc wizard (Orc:2)
  An orc (Orc:2)
  A bush (Lair:2)
  49 fungi
  83 plants
136 creatures vanquished.

Grand Total: 1125 creatures vanquished

Notes
Turn   | Place    | Note
-------+----------+-------------------------------------------
     0 | D:1      | bmack86 the Minotaur Fighter began the quest for the Orb.
     0 | D:1      | Reached XP level 1. HP: 19/19 MP: 0/0
   161 | D:1      | Reached XP level 2. HP: 26/27 MP: 1/1
   781 | D:2      | Reached XP level 3. HP: 33/33 MP: 2/2
   998 | D:2      | Found a faded altar of an unknown god.
  1215 | D:3      | Found a glowing drain.
  1256 | Sewer    | Entered a sewer
  1266 | Sewer    | Reached XP level 4. HP: 19/41 MP: 3/3
  1418 | Sewer    | Noticed a kobold brigand
  1433 | Sewer    | Killed a kobold brigand
  1434 | Sewer    | Reached skill level 5 in Fighting
  1434 | Sewer    | Reached XP level 5. HP: 47/48 MP: 4/4
  1464 | Sewer    | Found a white marble altar of Elyvilon.
  2086 | D:3      | Found Afoytrea's Magic Scroll Boutique.
  2099 | D:3      | Bought a scroll of identify for 22 gold pieces
  2099 | D:3      | Bought a scroll of identify for 22 gold pieces
  2099 | D:3      | Bought a scroll of noise for 11 gold pieces
  2099 | D:3      | Bought a scroll of identify for 22 gold pieces
  2099 | D:3      | Bought a scroll of teleportation for 33 gold pieces
  2562 | D:4      | Reached XP level 6. HP: 17/56 MP: 5/5
  2758 | D:4      | Found a white marble altar of Elyvilon.
  2839 | D:4      | Found a sand-covered staircase.
  2850 | D:4      | Noticed Edmund
  2854 | Ossuary  | Entered an ossuary
  2916 | Ossuary  | Reached skill level 5 in Axes
  2953 | Ossuary  | Reached skill level 5 in Shields
  3066 | Ossuary  | Reached skill level 5 in Armour
  3081 | Ossuary  | Reached XP level 7. HP: 54/64 MP: 6/6
  3104 | Ossuary  | Noticed a silent spectre
  3166 | D:4      | Identified a scroll of acquirement
  3181 | D:4      | Killed Edmund
  3184 | D:4      | Acquired the +1 hat of the Manifold Dreams {rN+ Will+
                  | Regen+ MP+9}
  3675 | D:5      | Entered Level 5 of the Dungeon
  3679 | D:5      | Found a staircase to the Ecumenical Temple.
  3690 | Temple   | Entered the Ecumenical Temple
  3698 | Temple   | Became a worshipper of Warmaster Okawaru
  3955 | D:5      | Found a sacrificial altar of Ru.
  3970 | D:5      | Identified the +3 scale mail of the Pink Corner {-Tele rC++
                  | rN+ Str+4}
  4038 | D:5      | Reached skill level 1 in Throwing
  4038 | D:5      | Reached skill level 1 in Invocations
  4038 | D:5      | Reached XP level 8. HP: 73/73 MP: 7/7
  4053 | D:5      | Reached * piety under Okawaru
  4169 | D:6      | Found Wuzxa's Armour Shop.
  4828 | D:6      | Reached ** piety under Okawaru
  4957 | D:6      | Found a blossoming altar of Fedhas.
  4976 | D:6      | Reached XP level 9. HP: 78/82 MP: 9/9
  5077 | D:6      | Killed an unseen horror
  5119 | D:6      | Identified the ring of Deatsirchaho {Fire Int+7 Dex+3}
  5492 | D:7      | Found a shimmering altar of Xom.
  5764 | D:7      | Got Nusilote's Catalogue of Repulsive Attendants
  5828 | D:7      | Reached *** piety under Okawaru
  5910 | D:7      | Noticed a troll
  5910 | D:7      | Noticed a troll
  6270 | D:8      | Reached XP level 10. HP: 78/93 MP: 11/11
  6310 | D:8      | Reached skill level 10 in Fighting
  6722 | D:8      | Found a hazy altar of Hepliaklqana.
  6848 | D:8      | Identified the +2 ring mail of Unreason {Dex+2 SInv}
  7079 | D:9      | Reached skill level 10 in Axes
  7080 | D:9      | Reached **** piety under Okawaru
  7231 | D:9      | Found a runed translucent gate.
  7231 | D:9      | Found a runed translucent gate.
  7231 | D:9      | Found a runed translucent gate.
  7232 | D:9      | Found a viscous altar of Jiyva.
  7232 | D:9      | Noticed gelatine's ghost (novice DsVM)
  7272 | D:9      | Found a burning altar of Makhleb.
  7462 | D:9      | Found a staircase to the Lair.
  7523 | D:9      | Received a gift from Okawaru
  7555 | D:9      | Found an ancient bone altar of Kikubaaqudgha.
  7669 | D:9      | Reached ***** piety under Okawaru
  7673 | D:9      | Reached XP level 11. HP: 53/102 MP: 13/13
  7676 | D:9      | Reached skill level 5 in Invocations
  7784 | D:9      | Reached skill level 5 in Throwing
  7950 | D:9      | Killed gelatine's ghost
  8100 | D:6      | Bought the +3 Mad Mage's Maulers {Infuse+∞ VampMP -Cast}
                  | for 560 gold pieces
  8100 | D:6      | Found the +3 Mad Mage's Maulers {Infuse+∞ VampMP -Cast}
  8191 | D:10     | Entered Level 10 of the Dungeon
  8655 | D:10     | Noticed a two-headed ogre
  8659 | D:10     | Killed a two-headed ogre
  9028 | D:10     | Noticed Gastronok
  9041 | D:10     | Killed Gastronok
  9346 | D:10     | Noticed a two-headed ogre
  9353 | D:10     | Killed a two-headed ogre
  9353 | D:10     | Identified the +8 chain mail "Pozxe" {+Blink rPois Dex+4}
                  | (Okawaru gifted it to you on level 10 of the Dungeon)
  9353 | D:10     | Received a gift from Okawaru
  9681 | Lair:1   | Entered Level 1 of the Lair of Beasts
 10237 | Lair:1   | Noticed a five-headed hydra
 10246 | Lair:1   | Killed a seven-headed hydra
 10247 | Lair:1   | Reached XP level 12. HP: 113/113 MP: 4/15
 10369 | Lair:1   | Found a runed translucent gate.
 10369 | Lair:1   | Found a runed translucent gate.
 10369 | Lair:1   | Found a runed translucent gate.
 10370 | Lair:1   | Noticed Zuagil's ghost (journeyman DrCj)
 10370 | Lair:1   | Noticed a 12-headed hydra
 10387 | Lair:1   | Killed a 15-headed hydra
 10393 | Lair:1   | Killed Zuagil's ghost
 10398 | Lair:1   | Identified the +1 broad axe "Lifebane" {protect, rPois MP+9
                  | Stlth+}
 10584 | Lair:1   | You fall into a shaft and drop 1 floor!
 11065 | Lair:1   | Found a hide-covered altar of Uskayaw.
 11938 | Lair:2   | Acquired a +0 broad axe of pain
 12169 | Lair:2   | Received a gift from Okawaru
 12170 | Lair:2   | Reached skill level 10 in Armour
 12324 | Lair:2   | Noticed a seven-headed hydra
 12329 | Lair:2   | Killed an eight-headed hydra
 12710 | Lair:2   | Reached skill level 10 in Shields
 12723 | Lair:2   | Received a gift from Okawaru
 13665 | Lair:3   | Noticed Josephine
 13677 | Lair:3   | Killed Josephine
 13802 | Lair:3   | Found a staircase to the Shoals.
 13814 | Lair:3   | Received a gift from Okawaru
 13959 | Lair:3   | Reached XP level 13. HP: 124/124 MP: 3/17
 14098 | Lair:3   | Noticed Urug
 14112 | Lair:3   | Killed Urug
 14113 | Lair:3   | Found a hole to the Spider Nest.
 16805 | Lair:4   | Found a runed translucent door.
 16807 | Lair:4   | Noticed wormed's ghost (journeyman KoBr)
 16959 | Lair:4   | Killed wormed's ghost
 16960 | Lair:4   | Reached skill level 15 in Fighting
 17512 | Lair:4   | Found a staircase to the Slime Pits.
 17512 | Lair:4   | Found a viscous altar of Jiyva.
 18040 | Lair:4   | Received a gift from Okawaru
 18304 | Lair:5   | Entered Level 5 of the Lair of Beasts
 18340 | Lair:5   | Reached skill level 15 in Axes
 18519 | Lair:5   | Received a gift from Okawaru
 18531 | Lair:5   | Received a gift from Okawaru
 18532 | Lair:5   | Reached XP level 14. HP: 46/135 MP: 1/19
 18797 | Lair:5   | Identified the +6 triple sword of the Gnat {holy, Will++}
                  | (Okawaru gifted it to you on level 5 of the Lair of Beasts)
 18797 | Lair:5   | Received a gift from Okawaru
 19306 | Lair:5   | Received a gift from Okawaru
 19338 | Lair:5   | Found a blossoming altar of Fedhas.
 20891 | D:11     | Noticed Harold
 20895 | D:11     | Killed Harold
 21265 | D:11     | Received a gift from Okawaru
 22208 | D:11     | Received a gift from Okawaru
 22510 | D:11     | Found a staircase to the Orcish Mines.
 22931 | D:12     | Found a stormy altar of Qazlal.
 23015 | D:12     | Found Nilierhawk's Weapon Emporium.
 23392 | D:12     | Received a gift from Okawaru
 23686 | D:12     | Reached XP level 15. HP: 133/145 MP: 0/20
 24126 | D:12     | Identified the +0 pair of boots "Akept" {rC+ Will- Regen+
                  | Int+3} (Okawaru gifted it to you on level 12 of the
                  | Dungeon)
 24126 | D:12     | Received a gift from Okawaru
 25517 | D:13     | Noticed Jorgrun
 25529 | D:13     | Killed Jorgrun
 26363 | D:14     | Found a gate to the Vaults.
 27089 | D:14     | Received a gift from Okawaru
 27111 | D:14     | Received a gift from Okawaru
 27144 | D:14     | Reached ****** piety under Okawaru
 27146 | D:14     | Identified the +2 pair of boots of Mental Paralysis {Str+7}
                  | (Okawaru gifted it to you on level 14 of the Dungeon)
 27146 | D:14     | Received a gift from Okawaru
 28053 | D:15     | Entered Level 15 of the Dungeon
 28114 | D:15     | Found a staircase to the Depths.
 28135 | D:15     | Reached skill level 10 in Throwing
 28313 | D:15     | Reached skill level 10 in Invocations
 28497 | D:15     | Found Qechu's Book Boutique.
 28661 | D:15     | Found a shimmering blue altar of Sif Muna.
 29507 | D:15     | Reached XP level 16. HP: 156/157 MP: 0/22
 29982 | Orc:1    | Entered Level 1 of the Orcish Mines
 31618 | Orc:1    | Received a gift from Okawaru
 31645 | Orc:1    | Identified the +7 short sword "Impbane" {flame, *Noise
                  | rPois Dex+7 SInv}
 31781 | Orc:1    | Identified the +5 war axe "Veryskor" {freeze, rN+}
 31783 | Orc:1    | Identified the +2 rapier of Ashenzari's Pride {spect,
                  | Int+4}
 32082 | Orc:2    | Entered Level 2 of the Orcish Mines
 32850 | Orc:2    | Found a runed translucent door.
 32852 | Orc:2    | Found a staircase to the Elven Halls.
 32909 | Orc:2    | Noticed Sonja
 32921 | Orc:2    | Killed Sonja
 32921 | Orc:2    | Received a gift from Okawaru
 32971 | Orc:2    | Received a gift from Okawaru
 32979 | Orc:2    | Found Amasoj's Jewellery Emporium.
 32979 | Orc:2    | Found Onasmego's Magic Scroll Boutique.
 32982 | Orc:2    | Found Kiank's Armour Emporium.
 32982 | Orc:2    | Found Saummaw's Book Boutique.
 33136 | Orc:2    | Bought 2 scrolls of brand weapon for 285 gold pieces
 33136 | Orc:2    | Bought a scroll of brand weapon for 142 gold pieces
 33143 | Orc:2    | Bought the ring "Mangao" {rF+ rN+ Str+3} for 564 gold
                  | pieces
 33797 | Spider:1 | Entered Level 1 of the Spider Nest
 33797 | Spider:1 | Noticed Asterion
 33809 | Spider:1 | Killed Asterion
 33809 | Spider:1 | Received a gift from Okawaru
 35142 | Spider:2 | Received a gift from Okawaru
 35384 | Spider:2 | Received a gift from Okawaru
 35420 | Spider:2 | Reached XP level 17. HP: 168/168 MP: 2/24
 35648 | Spider:2 | Found a transporter.
 35649 | Spider:2 | Found a transporter.
 35667 | Spider:2 | Received a gift from Okawaru
 35698 | Spider:2 | Got the +1 pair of boots "Titoqopt" {rElec rPois rN++
                  | Stlth-}
 37605 | Spider:4 | Entered Level 4 of the Spider Nest
 38300 | Spider:4 | Identified the +0 robe of Ydiocy {rC+} (Okawaru gifted it
                  | to you on level 4 of the Spider Nest)
 38300 | Spider:4 | Received a gift from Okawaru
 39191 | Spider:4 | HP: 7/170 [disintegration (53)]
 39192 | Spider:4 | HP: 1/170 [entropy weaver (8)]
 39192 | Spider:4 | Mangled by an entropy weaver

Illustrated notes

Levels and vault maps discovered:
D:1:      lightli_arrival_windingriver, layout_loops_ring
D:2:      kennysheep_six_static_rooms, layout_rooms, basic_ecumenical_altar
D:3:      layout_basic, serial_shops, nicolae_shop_statue_plus,
          cheibrodos_sewer_entry_sluice, grunt_decor_arrowhead
D:4:      layout_cave_pools, mainiacjoe_overflow_six_doors_small,
          nicolae_ossuary_entry_ruins, uniq_edmund
D:5:      layout_rooms, old_standard_altar, minmay_temple_entry_junction_2
D:6:      minmay_inner_zag, layout_basic, fedhas_ov_isle_minmay, serial_shops,
          shop_fountains
D:7:      layout_rooms, amcnicky_altar_gilded, lightli_corner_chamber
D:8:      minmay_bubble_buster, layout_gridville, lemuel_round_altar
D:9:      layout_cross, bloody_makhleb, lemuel_zombie_altar_kikubaaqudgha,
          david_lair_generic, serial_ice, serial_ice_c, serial_ice_l,
          serial_ice_b, serial_ice_g, gammafunk_ghost_ooze, dk_noncrumbling_3
D:10:     layout_gridville, uniq_gastronok
D:11:     minmay_general_purpose_star, layout_stronghold, david_orc_4,
          uniq_amaemon, uniq_harold
D:12:     layout_cave_pods, serial_shops, nicolae_shop_trees,
          nicolae_qazlal_scattered_showers
D:13:     layout_loops_corners, due_unseen_surprise, uniq_jorgrun
D:14:     argonaut_augean_stables, layout_irregular_city,
          lightli_vaults_fourway_checkpoint, hangedman_decor_diamond_cutter
D:15:     hangedman_depths_entry_civil_slaughter, layout_loops_corners,
          nicolae_sif_muna_condensation, serial_shops, shop
Temple:   nicolae_temple_no_exploring_needed
Lair:1:   layout_small_grid, basic_altar, gammafunk_ghost_hydra_chop,
          minmay_hedge_maze, hibernation_bobbens
Lair:2:   layout_roguey, kennysheep_rathole, grunt_megastairs_4
Lair:3:   layout_gridlike, minmay_shoals_entry_hut,
          nicolae_spider_entry_non_spiders, serial_bayou_shore_a,
          lemuel_fruit_tree, uniq_josephine, uniq_urug
Lair:4:   layout_cave_pods, slime_entry_1, ebering_ghost_inner_flame,
          chequers_serial_rivers_room_b
Lair:5:   guppyfry_lair_end_dragon, layout_regular_city, basic_altar,
          cheibrodos_lair_lostbears, infiniplex_staircase_pool
Spider:1: layout_spider_delve, uniq_asterion
Spider:2: gammafunk_boulding_lane
Spider:3: layout_spider_delve
Spider:4: guppyfry_spider_rune, hangedman_spider_tarantella_strand
Orc:1:    giant_chief_lemuel, layout_diamond_mine, basic_altar, mines1_david
Orc:2:    grunt_orc_tribal_feast, layout_diamond_mine, nicolae_orc_pool_cavern,
          lightli_church_of_beogh, uniq_sonja

Skill      XL: |  1  2  3  4  5  6  7  8  9 10 11 12 13 14 15 16 17 |
---------------+----------------------------------------------------+-----
Fighting       | 4 5 6 7 8 9 11 12 14 15 16 18 19 | 19.8
Axes           | 3 4 5 6 8 9 10 12 13 15 16 17 19 | 19.6
Armour         | 4 5 6 7 8 9 10 11 12 13 14 | 14.5
Shields        | 4 5 6 7 8 9 10 11 12 13 14 | 14.4
Throwing       | 1 2 3 4 6 7 8 9 10 11 | 11.3
Invocations    | 1 2 3 4 6 7 8 9 10 11 | 11.3

Action                   |  1- 3 |  4- 6 |  7- 9 | 10-12 | 13-15 | 16-18 || total
-------------------------+-------+-------+-------+-------+-------+-------++-------
Melee: War axe           |   108 |   199 |   289 |   257 |       |       ||   853
       Headbutt          |     8 |    26 |    51 |    90 |   229 |   149 ||   553
       Battleaxe         |       |       |       |     8 |       |       ||     8
       Broad axe         |       |       |       |   145 |   827 |   544 ||  1516
Throw: Boomerang         |       |       |       |       |       |     7 ||     7
       Dart              |       |       |       |       |       |     1 ||     1
Invok: Heroism           |       |       |     2 |     9 |     6 |     2 ||    19
       Finesse           |       |       |       |     4 |     6 |     1 ||    11
  Use: Scroll            |       |     9 |    10 |    12 |     5 |     7 ||    43
       Potion            |       |       |       |     1 |     2 |     3 ||     6
Armor: Scale mail        |    59 |   110 |   196 |   159 |       |       ||   524
       Chain mail        |       |       |       |   130 |   500 |   563 ||  1193
Dodge: Dodged            |    48 |    73 |   139 |   193 |   416 |   271 ||  1140
Block: Buckler           |    22 |       |       |       |       |       ||    22
       Kite shield       |    18 |   113 |   219 |   344 |   738 |   682 ||  2114

Table legend: (Time is in decaauts)
 A = Elapsed time spent in this place.
 B = Non-inter-level travel time spent in this place.
 C = Inter-level travel time spent in this place.
 D = Time resting spent in this place.
 E = Time spent auto-exploring this place.
 F = Levels seen in this place.
 G = Mean time per level.
                   A        B        C        D        E       F      G
               +--------+--------+--------+--------+--------+-----+--------+
         Total |  39268 |  37813 |   1455 |    671 |  27427 |  29 | 1354.1 |
       Dungeon |  18504 |  17549 |    955 |    181 |  12657 |  15 | 1233.6 |
        Temple |     16 |     16 |      0 |      0 |      0 |   1 |   16.0 |
          Lair |  11127 |  10792 |    335 |    183 |   8272 |   5 | 2225.4 |
   Spider Nest |   5366 |   5302 |     64 |      0 |   4224 |   4 | 1341.5 |
  Orcish Mines |   3619 |   3519 |    100 |    138 |   2183 |   2 | 1809.5 |
         Sewer |    295 |    295 |      0 |     88 |     91 |   1 |  295.0 |
       Ossuary |    337 |    337 |      0 |     81 |      0 |   1 |  337.0 |
               +--------+--------+--------+--------+--------+-----+--------+

Top non-repeatable levels by time:
  Lair:2: 2534 daAuts
  Lair:4: 2387 daAuts
  Lair:5: 2348 daAuts
  Lair:3: 2303 daAuts
   Orc:1: 2114 daAuts
    D:11: 1969 daAuts
    D:14: 1842 daAuts
    D:15: 1808 daAuts
    D:13: 1774 daAuts
    D:12: 1724 daAuts
Spider:4: 1564 daAuts
  Lair:1: 1554 daAuts
    D:10: 1511 daAuts
   Orc:2: 1504 daAuts
     D:6: 1454 daAuts
